 Dungeon Sprint DCSS version 0.30-a0-241-g1121274140 (webtiles) character file.

Game seed: 4411870067587188047

211 hellse the Insei (level 6, 0/79 HPs)
             Began as a Djinni Warper on Oct 10, 2022.
             Was a Priest of Cheibriados.
             Slain by a centaur (3 damage)
             ... in the Dungeon (Sprint VII: "The Pits").
             The game lasted 00:01:46 (230 turns).

hellse the Insei (Djinni Warper)                     Turns: 230, Time: 00:01:46

Health: 0/79       AC:  3    Str: 19    XL:     6   Next: 13%
Gold:   0          EV: 12    Int: 21    God:    Cheibriados [***...] SH:  0 Dex: 20

rFire   + + .      SeeInvis .      - Unarmed
rCold   x . .      Faith    .    (no shield)
rNeg    . . .      Spirit   .    a - +0 leather armour
rPois   ∞          Reflect  .    (no helmet)
rElec   .          Harm     .    (no cloak)
rCorr   .          Rampage  .    (no gloves)
Will    .....      NoTele   +    (boots unavailable)
Stlth   ..........               (no amulet)
HPRegen 0.33/turn                (no ring)
MPRegen 0.00/turn                (no ring)

@: berserking (expiring), flying, very slow
A: sickness immunity, fire resistance 2, cold vulnerability 1, float, innate
caster, HP casting, extra vitality 1
a: Renounce Religion, Bend Time, Temporal Distortion


You were in the Dungeon.
You worshipped Cheibriados.
Cheibriados was most pleased with you.
You visited 1 branch

Inventory:

Missiles
 c - 7 boomerangs of dispersal (quivered)
Armour
 a - a +0 leather armour (worn)
 j - a +3 chain mail
Scrolls
 b - 2 scrolls of blinking
 i - a scroll of summoning
Potions
 d - 6 potions of curing
 e - 6 potions of heal wounds
 f - a potion of haste
 g - a potion of berserk rage
 h - 2 potions of invisibility


   Skills:
 * Level 7.2 Fighting
 - Level 0.7 Throwing
 - Level 1.0 Armour
 - Level 2.1 Dodging
 * Level 7.2 Unarmed Combat
 + Level 5.3 Spellcasting


You couldn't memorise any spells.
You knew the following spells:

 Your Spells              Type           Power      Damage    Failure   Level
a - Blink                 Tloc           56%        N/A       1%          2
b - Lesser Beckoning      Tloc           56%        N/A       4%          3
c - Vhi's Electric Charg  Tloc/Air       56%        N/A       4%          3
d - Teleport Other        Tloc           28%        N/A       4%          3
e - Manifold Assault      Tloc           28%        N/A       14%         4
f - Freeze                Ice            100%       1d10      1%          1
g - Searing Ray           Conj           56%        2d6       1%          2
Your spell library was empty.

Dungeon Overview and Level Annotations

Branches:
Dungeon (1/1)

Altars:
Ashenzari
Cheibriados
Dithmenos
Elyvilon
Fedhas
Gozag
Hepliaklqana
Makhleb
Nemelex Xobeh
Okawaru
Qazlal
Ru
Trog
Uskayaw
Wu Jian
Xom
Yredelemnul
Zin
The Shining One
Jiyva
Lugonu

Annotations:
D Grinder


Innate Abilities, Weirdness & Mutations

You are immune to sickness and miasma.
You are immune to poison.
Your flesh is very heat resistant. (rF++)
You are vulnerable to cold. (rC-)
You float through the air rather than walking.
You learn spells naturally, not from books.
Your magical power is your life essence.
You have superior vitality. (+4 MHP)


Message History

The water moccasin misses you.
A red film seems to cover your vision as you go berserk!
Cheibriados forces you to slow down.
You feel mighty!
The water moccasin bites you but does no damage.
You hit the water moccasin.
The water moccasin is almost dead.
The water moccasin closely misses you.
You hit the water moccasin.
The water moccasin is almost dead.
The water moccasin misses you.
A jelly comes into view.
The water moccasin barely misses you.
You miss the water moccasin.
The water moccasin is almost dead.
The jelly quivers.
The water moccasin bites you.
* * * LOW HITPOINT WARNING * * *
You punch the water moccasin!
You kill the water moccasin!
Cheibriados thoroughly appreciates the change of pace.
You can now warp the flow of time around you.
Cheibriados raises the support of your attributes as your movement slows.
The centaur wields a +0 shortbow.
The centaur shoots an arrow.
The arrow hits you.
* * * LOW HITPOINT WARNING * * *
Your Fighting skill gained 2 levels and is now at level 7!
Your Unarmed Combat skill gained 2 levels and is now at level 7!
Your Spellcasting skill increases to level 5!
You have reached level 6!
Unknown command.
Grinder comes into view.
Grinder shouts!
The centaur unwields a +0 shortbow.
The centaur barely misses you. The centaur closely misses you.
The centaur hits you.
* * * LOW HITPOINT WARNING * * *
The centaur kicks you.
* * * LOW HITPOINT WARNING * * *
Grinder blinks!
The centaur hits you.
You die...

#.#...†)#..##.....
#.#.....#))#####'#
#.###†###))##.....
#.#.....#))##.....
#.#.....#[.##.....
#.####)##'###...<.
#.#........##.....
#.#........##.....
#@###########.....
#c......# ######
#J###.§.# #.# .#
#.# #.. #.. #..


You could see a centaur and a jelly.

Vanquished Creatures
  A water moccasin (D)
  A floating eye (D)
  An orc (D)
  An endoplasm (D)
  2 goblins (D)
  2 hobgoblins (D)
  A quokka (D)
  A bat (D)
10 creatures vanquished.

Notes
Turn   | Place    | Note
-------+----------+-------------------------------------------
     0 | D        | hellse the Djinni Warper began the quest for the Orb.
     0 | D        | hellse set off with the following spells memorised: Blink,
                  | Lesser Beckoning, Vhi's Electric Charge, Teleport Other,
                  | Manifold Assault.
     0 | D        | Reached XP level 1. HP: 18/18 MP: 0/0
    39 | D        | Found a glowing golden altar of the Shining One.
    39 | D        | Found a glowing silver altar of Zin.
    39 | D        | Found a basalt altar of Yredelemnul.
    39 | D        | Found a shimmering altar of Xom.
    39 | D        | Found an ornate altar of the Wu Jian Council.
    39 | D        | Found a bloodstained altar of Trog.
    39 | D        | Found a sacrificial altar of Ru.
    39 | D        | Found a stormy altar of Qazlal.
    39 | D        | Found an iron altar of Okawaru.
    39 | D        | Found a sparkling altar of Nemelex Xobeh.
    39 | D        | Found a burning altar of Makhleb.
    39 | D        | Found a viscous altar of Jiyva.
    39 | D        | Found a hazy altar of Hepliaklqana.
    39 | D        | Found an opulent altar of Gozag.
    39 | D        | Found a blossoming altar of Fedhas.
    39 | D        | Found a white marble altar of Elyvilon.
    39 | D        | Found a shadowy altar of Dithmenos.
    39 | D        | Found a snail-covered altar of Cheibriados.
    40 | D        | Found a corrupted altar of Lugonu.
    41 | D        | Found a hide-covered altar of Uskayaw.
    41 | D        | Found a broken altar of Ashenzari.
    49 | D        | Became a worshipper of Cheibriados the Contemplative
    67 | D        | Reached * piety under Cheibriados
    78 | D        | Reached XP level 2. HP: 13/24 MP: 0/0
   132 | D        | Noticed a floating eye
   134 | D        | Reached ** piety under Cheibriados
   136 | D        | Paralysed by a floating eye for 4 turns
   143 | D        | Killed a floating eye
   144 | D        | Reached skill level 5 in Fighting
   144 | D        | Reached skill level 5 in Unarmed Combat
   144 | D        | Reached XP level 3. HP: 33/33 MP: 0/0
   144 | D        | Learned a level 1 spell: Freeze
   144 | D        | Reached XP level 4. HP: 39/39 MP: 0/0
   144 | D        | Reached XP level 5. HP: 43/43 MP: 0/0
   144 | D        | Learned a level 2 spell: Searing Ray
   210 | D        | Noticed a centaur
   210 | D        | Noticed a water moccasin
   229 | D        | Killed a water moccasin
   229 | D        | Reached *** piety under Cheibriados
   230 | D        | Reached skill level 5 in Spellcasting
   230 | D        | Reached XP level 6. HP: 7/53 MP: 0/0
   230 | D        | Noticed Grinder
   230 | D        | HP: 3/79 [centaur (2)]
   230 | D        | Slain by a centaur

Illustrated notes

Levels and vault maps discovered:
D:        pitsprint [storerooms_1, entrance_room_1, metal_vault_6, armoury_2,
          mini_pit_1, grid_room_1, main_hall_1, silver_pit, the_coven_2,
          the_vestibule_1, steel_vault_2, golden_pit, hallway_of_sentries,
          crystal_vault_3, iron_vault_1, final_vault]

Skill      XL: |  1  2  3  4  5 |
---------------+----------------+-----
Fighting       | 5 7 |  7.2
Spellcasting   | 4 5 |  5.3
Unarmed Combat | 5 7 |  7.2
Throwing       | |  0.7
Armour         | |  1.0
Dodging        | |  2.1

Action                   |  1- 3 |  4- 6 || total
-------------------------+-------+-------++-------
Melee: Unarmed           |    17 |    24 ||    41
       Punch             |       |     1 ||     1
 Cast: Manifold Assault  |       |     1 ||     1
       Vhi's Electric Ch |       |     1 ||     1
  Use: Potion            |     1 |     1 ||     2
Armor: Leather armour    |       |     3 ||     3
Dodge: Dodged            |     9 |    12 ||    21

Table legend: (Time is in decaauts)
 A = Elapsed time spent in this place.
 B = Non-inter-level travel time spent in this place.
 C = Inter-level travel time spent in this place.
 D = Time resting spent in this place.
 E = Time spent auto-exploring this place.
 F = Levels seen in this place.
 G = Mean time per level.
                   A        B        C        D        E       F      G
               +--------+--------+--------+--------+--------+-----+--------+
         Total |    278 |    255 |     23 |     61 |      0 |   1 |  278.0 |
       Dungeon |    278 |    255 |     23 |     61 |      0 |   1 |  278.0 |
               +--------+--------+--------+--------+--------+-----+--------+

Top non-repeatable levels by time:
       D: 278 daAuts
